 Dungeon Crawl Stone Soup version 0.32-a0-918-g0f22ef8d61 (webtiles) character file.

Game seed: 13596179266262339352

147 Maxmaps the Trooper (level 5, 0/39 HPs)
             Began as an Octopode Shapeshifter on Apr 10, 2024.
             Splashed by a jelly's acid (8 damage)
             ... on level 4 of the Dungeon.
             The game lasted 00:03:07 (2512 turns).

Maxmaps the Trooper (Octopode Shapeshifter)         Turns: 2512, Time: 00:03:08

Health: 0/39       AC: -7    Str: 13    XL:     5   Next: 29%
Magic:  5/5        EV: 12    Int: 14    God:
Gold:   83         SH:  0    Dex: 12    Spells: 4/4 levels left

rFire   . .          .
                       - Unarmed
rCold   . . .        (no shield)
rNeg    . . .        (helmet currently unavailable)
rPois   .            (no amulet)
rElec   .            (no ring)
rCorr   .            (no ring)
SInv    .            (no ring)
Will    .....        (no ring)
Stlth   ++           (no ring)
HPRegen 0.26/turn    (no ring)
MPRegen 0.09/turn    (no ring)
                     (no ring)

%: no passive effects
@: beast-form, corroded
A: beast (slay +1), almost no armour, amphibious, 8 rings, camouflage 1,
gelatinous body 1, (nimble swimmer 1), tentacles
a: Begin Untransformation


You were on level 4 of the Dungeon.
You were a hulking beast.
You visited 1 branch of the dungeon, and saw 4 of its levels.

You collected 133 gold pieces.
You spent 50 gold pieces at shops.

Inventory:

Jewellery
 k - a ring of fire
Talismans
 b - a beast talisman (active)
 c - a flux talisman
Wands
 a - a wand of flame (11)
 i - a wand of paralysis (9)
Scrolls
 e - 2 scrolls of torment
 f - 2 scrolls of teleportation
 g - a scroll of blinking
 h - a scroll of amnesia
Potions
 d - 2 potions of heal wounds
 j - 2 potions of might
 o - a potion of curing


   Skills:
 + Level 5.0 Fighting
 - Level 2.0 Dodging
 - Level 3.0 Unarmed Combat
 - Level 3.0 Shapeshifting


You had 4 spell levels left.
You didn't know any spells.
Your spell library contained the following spells:

 Spells                   Type           Power      Damage    Failure   Level
 Jinxbite                 Hex            0%         N/A       41%         2
 Stone Arrow              Conj/Erth      0%         3d7       65%         3
 Yara's Violent Unravell  Hex/Alch       0%         3d3       100%        5
 Enfeeble                 Hex            0%         N/A       100%        7
 Lehudib's Crystal Spear  Conj/Erth      0%         10d2      100%        8
 Animate Armour           Summ/Erth      Unusable   N/A       N/A         4

Dungeon Overview and Level Annotations

Branches:
Dungeon (4/15)
 Temple: D:4-7

Altars:
Sif Muna

Shops:
D:2 [=(:!

Annotations:
D:4 Robin


Innate Abilities, Weirdness & Mutations

You are a hulking beast.
Your limbs bulge with bestial killing power. (Slay +1)
You cannot wear most types of armour.
You are amphibious.
You can wear up to eight rings at the same time.
Your skin changes colour to match your surroundings (Stealth+).
Your rubbery body absorbs attacks. (AC +1, EV +1)
((You are camouflaged when in or above water. (Stealth+)))
You have tentacles for arms and can constrict up to eight enemies at once.


Message History

It was a scroll of revelation.
Found 10 gold pieces.
Unknown command.
As you read the scroll labelled FEIGEIDGH NASK, it crumbles to dust.
It is a scroll of enchant weapon.
You aren't carrying any weapons that can be enchanted.
A jelly comes into view.
The jelly quivers.
Found 9 gold pieces.
The jelly misses you.
You tentacle-slap the jelly. The acid corrodes you!
Your tentacles burn!
You squeeze the jelly.
The jelly is moderately wounded.
The jelly hits you.
You are splashed with acid!
You are too injured to fight recklessly!
You are too injured to fight recklessly!
You tentacle-slap the jelly.
Your tentacles burn!
You squeeze the jelly.
The jelly is heavily wounded.
The jelly hits you. The acid corrodes you!
You are splashed with acid!
* * * LOW HITPOINT WARNING * * *
You feel much better. The jelly barely misses you.
You tentacle-slap the jelly.
Your tentacles burn!
You squeeze the jelly, but do no damage.
The jelly is severely wounded.
The jelly closely misses you.
You tentacle-slap the jelly but do no damage.
Your tentacles burn!
You squeeze the jelly.
The jelly is almost dead.
The jelly hits you.
You are splashed with acid!
You tentacle-slap the jelly but do no damage.
Your tentacles burn!
The jelly is almost dead.
The jelly barely misses you.
You tentacle-slap the jelly but do no damage.
Your tentacles burn!
* * * LOW HITPOINT WARNING * * *
The jelly is almost dead.
The jelly hits you.
* * * LOW HITPOINT WARNING * * *
The acid corrodes you!
You are splashed with acid!
You die...

*,*,*,,,,* *,* *,*,,~~~~~
*,,...**,* *,* *,,,**~~**
#######.###.### *,* **,,,,****,
**#######.##...###*,***,,,****,*,
,,...........#...#*,**,,,,,***,*,
**######..##...#.#*,,,,,,,,,,,,*,
######.[###.##.#####..,,,,,***,
######..###.#..J......,,,,,,,,,
######..###.#.h#####.,,,,,,***,
**######.<.............$,,,,,,,,,
,,......................,,,******
**######.#######.#######****
######.#######.# ######>...$....#
################ ###############
###############


You could see a jelly.

Vanquished Creatures
  An orc wizard (D:2)
  6 adders
  3 dart slugs
  A ribbon worm (D:2)
  4 orcs
  7 ball pythons
  3 endoplasms
  2 giant cockroaches
  6 goblins
  8 hobgoblins
  3 jackals (D:3)
  2 kobolds
  A quokka (D:2)
  3 bats
  2 frilled lizards
  2 rats
54 creatures vanquished.

Notes
Turn   | Place    | Note
-------+----------+-------------------------------------------
     0 | D:1      | Maxmaps the Octopode Shapeshifter began the quest for the
                  | Orb.
     0 | D:1      | Reached XP level 1. HP: 13/13 MP: 1/1
   290 | D:1      | Reached skill level 2 in Fighting
   290 | D:1      | Reached XP level 2. HP: 19/19 MP: 2/2
   884 | D:2      | Reached XP level 3. HP: 21/25 MP: 3/3
   957 | D:2      | Reached skill level 3 in Fighting
   966 | D:2      | Reached XP level 4. HP: 26/33 MP: 4/4
  1045 | D:2      | Found Otevuk's Jewellery Boutique.
  1053 | D:2      | Found Kiokaurr's Weapon Shop.
  1075 | D:2      | Found Hehek's Distillery.
  1077 | D:2      | Reached skill level 4 in Fighting
  1120 | D:2      | Bought a potion of heal wounds for 50 gold pieces
  1215 | D:2      | Found Muommof's Book Shop.
  1276 | D:2      | Found Kivapiustri's Antique Armour Emporium.
  1730 | D:3      | Found a shimmering blue altar of Sif Muna.
  1972 | D:3      | Reached XP level 5. HP: 30/38 MP: 5/5
  2414 | D:4      | Noticed Robin
  2428 | D:3      | Reached skill level 5 in Fighting
  2512 | D:4      | Splashed by a jelly's acid

Illustrated notes

Levels and vault maps discovered:
D:1:      sevenhm_arrival_forest_fort_small_5, layout_loops_corners,
          minmay_tromino_v2
D:2:      layout_basic, serial_forest, infiniplex_forest_clump_double,
          infiniplex_forest_clump_cross, infiniplex_forest_straight_3,
          infiniplex_forest_pool, infiniplex_forest_diagonal,
          infiniplex_forest_straight_2, serial_shops, shop, shop, shop,
          nicolae_shop_tiny_glass, nicolae_shop_window_shopping
D:3:      layout_basic, mainiacjoe_overflow_tiny_flanked, serial_bayou_lake_a
D:4:      layout_loops_ring, gup_sewer_entry_bubbles, minmay_distorted,
          uniq_robin

Skill      XL: |  1  2  3  4  5 |
---------------+----------------+-----
Fighting       | 2 3 4 5 |  5.0
Dodging        | |  2.0
Unarmed Combat | |  3.0
Shapeshifting  | |  3.0

Action                     |  1- 3 |  4- 6 || total
---------------------------+-------+-------++-------
  Melee: Unarmed           |    38 |    74 ||   112
         Constrict         |    10 |    20 ||    30
         Tentacles         |     8 |     9 ||    17
    Use: Potion            |     1 |     1 ||     2
         Scroll            |       |    11 ||    11
   Stab: Sleeping          |     3 |     4 ||     7
 Armour: Skin              |    13 |    41 ||    54
  Dodge: Dodged            |    13 |    42 ||    55

Table legend: (Time is in decaauts)
 A = Elapsed time spent in this place.
 B = Non-inter-level travel time spent in this place.
 C = Inter-level travel time spent in this place.
 D = Time resting spent in this place.
 E = Time spent auto-exploring this place.
 F = Levels seen in this place.
 G = Mean time per level.
                   A        B        C        D        E       F      G
               +--------+--------+--------+--------+--------+-----+--------+
         Total |   2505 |   2370 |    135 |      0 |   1947 |   4 |  626.2 |
       Dungeon |   2505 |   2370 |    135 |      0 |   1947 |   4 |  626.2 |
               +--------+--------+--------+--------+--------+-----+--------+

Top non-repeatable levels by time:
     D:1: 864 daAuts
     D:2: 832 daAuts
     D:3: 786 daAuts
     D:4: 22 daAuts
